 Dungeon Crawl Stone Soup version 0.28.0-45-g0d030f2227 (webtiles) character file.

Game seed: 16428641744322760060

192 McKennaii the Skirmisher (level 5, 0/42 HPs)
             Began as a Demonspawn Fighter on Apr 6, 2022.
             Slain by a bullfrog (1 damage)
             ... in a sewer.
             The game lasted 00:03:46 (3003 turns).

McKennaii the Skirmisher (Demonspawn Fighter)       Turns: 3003, Time: 00:03:46

Health: 0/42       AC:  9    Str: 18    XL:     5   Next: 42%
Magic:  5/5        EV:  6    Int:  9    God:
Gold:   72         SH:  5    Dex: 13    Spells: 4/4 levels left

rFire   . . .      SeeInvis .   a - +0 trident
rCold   . . .      Faith    .   c - +0 buckler
rNeg    . . .      Spirit   .   b - +0 scale mail
rPois   .          Reflect  .   l - +1 helmet
rElec   .          Harm     .   (no cloak)
rCorr   .          Rampage  .   (no gloves)
Will    .....                   (no boots)
Stlth   ..........              e - amulet of magic regeneration
HPRegen 0.14/turn               (no ring)
MPRegen 0.58/turn               (no ring)

@: brilliant, constricted, invisible, very slow
A: hooves 1, magic regeneration, sturdy frame 1, demonic magic 1
a: no special abilities


You were in a sewer.
You visited 1 branch of the dungeon, and saw 3 of its levels.
You also visited: Sewer.

You collected 72 gold pieces.

Inventory:

Hand Weapons
 a - a +0 trident (weapon)
Armour
 b - a +0 scale mail (worn)
 c - a +0 buckler (worn)
 l - a +1 helmet (worn)
Jewellery
 e - an amulet of magic regeneration (around neck)
Scrolls
 f - a scroll of teleportation {unknown}
 g - a scroll of blinking {unknown}
 h - a scroll of fear {unknown}
 i - a scroll of immolation
 j - a scroll of enchant weapon {unknown}
 k - 2 scrolls of enchant armour
 m - 4 scrolls of identify {unknown}
 o - 2 scrolls of magic mapping
Potions
 d - a potion of might


   Skills:
 + Level 4.0 Fighting
 + Level 3.0 Polearms
 + Level 3.7 Armour
 + Level 3.6 Shields


You had 4 spell levels left.
You didn't know any spells.
Your spell library was empty.

Dungeon Overview and Level Annotations

Branches:
Dungeon (3/15)              Sewer (1/1)

Altars:

Shops:
D:3 ?


Innate Abilities, Weirdness & Mutations

You have large cloven feet.
You regenerate magic rapidly.
Your movements are slightly less encumbered by armour. (ER -2)
Spells you cast may paralyse adjacent enemies.


Message History

As you read the scroll labelled CIUSEF MEOJ, it crumbles to dust.
It is a scroll of enchant armour.
Your +0 helmet glows green for a moment.
The bullfrog closely misses you. You block the ball python's attack.
The ball python constricts you.
The bullfrog hits you but does no damage. x2
The ball python bites you but does no damage.
The ball python constricts you.
Unknown command.
As you read the scroll labelled ZEDOUGGANK, it crumbles to dust.
You feel aware of your surroundings.
You sensed 1 shop/portal.
It was a scroll of magic mapping.
The bullfrog hits you.
* * * LOW HITPOINT WARNING * * *
The bullfrog hits you.
* * * LOW HITPOINT WARNING * * *
The ball python bites you but does no damage. x2
The ball python constricts you. The bullfrog barely misses you.
It was a potion of brilliance.
You feel clever all of a sudden. You block the bullfrog's attack.
The ball python bites you.
* * * LOW HITPOINT WARNING * * *
The ball python constricts you.
The bullfrog hits you but does no damage.
The ball python bites you but does no damage.
The bullfrog closely misses you.
It was a potion of invisibility.
You fade into invisibility!
The bullfrog hits you.
* * * LOW HITPOINT WARNING * * *
The bullfrog hits you but does no damage.
The ball python bites you but does no damage.
The ball python constricts you. You block the ball python's attack. x2
You block the bullfrog's attack.
Unknown command.
Unknown command.
Unknown command.
As you read the scroll labelled RITZET NYGETWU, it crumbles to dust.
The creatures around you are filled with an inner flame!
It was a scroll of immolation.
The bullfrog hits you.
You die...

*,∩,* #..#†††.# *,,,*
####...##
**+*###################....#
**,,S.≈≈≈≈≈≈≈≈≈≈≈≈≈≈≈......#
*,,,..≈≈≈≈≈≈≈≈≈≈≈≈≈≈≈≈....##
*,,,.≈#≈≈≈≈≈≈≈≈≈≈≈≈≈≈.....#
*,,,.≈≈≈≈≈≈≈≈†≈≈≈≈≈≈≈≈....#
*,,,.≈≈≈≈≈≈≈.JSFS≈≈≈≈≈...##
**,,.#≈≈≈≈≈J≈SF@S≈≈≈≈#.###
****###################


You could see 2 bullfrogs, 2 endoplasms and 4 ball pythons.

Vanquished Creatures
  Robin (D:2)
  7 adders
  2 river rats
  2 worms
  A dart slug (D:3)
  5 endoplasms
  5 giant cockroaches
  11 goblins
  5 hobgoblins
  4 jackals (D:1)
  2 quokkas (D:1)
  12 ball pythons
  9 bats
  3 frilled lizards
  5 kobolds
  29 rats
103 creatures vanquished.

Vanquished Creatures (others)
  A fungus (D:3)
1 creature vanquished.

Grand Total: 104 creatures vanquished

Notes
Turn   | Place    | Note
-------+----------+-------------------------------------------
     0 | D:1      | McKennaii the Demonspawn Fighter began the quest for the
                  | Orb.
     0 | D:1      | Reached XP level 1. HP: 18/18 MP: 1/1
   197 | D:1      | Gained mutation: You have large cloven feet. [demonic
                  | ancestry]
   197 | D:1      | Reached XP level 2. HP: 24/24 MP: 2/2
   821 | D:1      | Gained mutation: Your movements are slightly less
                  | encumbered by armour. (ER -2) [demonic ancestry]
   821 | D:1      | Reached XP level 3. HP: 27/29 MP: 3/3
   985 | D:2      | Noticed Robin
  1543 | D:2      | Killed Robin
  1679 | D:2      | Gained mutation: Spells you cast may paralyse adjacent
                  | enemies. [demonic ancestry]
  1679 | D:2      | Reached XP level 4. HP: 32/35 MP: 4/4
  2097 | D:3      | Found Epeqey's Magic Scroll Shop.
  2318 | D:3      | Found a glowing drain.
  2436 | Sewer    | Entered a sewer
  2545 | Sewer    | Gained mutation: You regenerate magic rapidly. [demonic
                  | ancestry]
  2545 | Sewer    | Reached XP level 5. HP: 23/42 MP: 5/5
  2997 | Sewer    | Reached skill level 4 in Fighting
  3002 | Sewer    | HP: 1/42 [bullfrog (3)]
  3003 | Sewer    | Slain by a bullfrog

Illustrated notes

Levels and vault maps discovered:
D:1:      dpeg_arrival_arbitrary_c, layout_basic
D:2:      layout_loops_ring, uniq_robin
D:3:      layout_loops_ring, cheibrodos_sewer_entry_sluice, serial_shops,
          nicolae_shop_stone, dreamdust_ecumenical_altar_grove
Sewer:    sewer_minmay_w

Skill      XL: |  1  2  3  4  5 |
---------------+----------------+-----
Polearms       | 2 3 |  3.0
Armour         | 3 |  3.7
Shields        | 3 |  3.6
Fighting       | 4 |  4.0

Action                   |  1- 3 |  4- 6 || total
-------------------------+-------+-------++-------
Melee: Trident           |   116 |   134 ||   250
       Kick              |    14 |    24 ||    38
  Use: Scroll            |       |     3 ||     3
       Potion            |       |     2 ||     2
Armor: Scale mail        |    64 |    89 ||   153
Dodge: Dodged            |    60 |    69 ||   129
Block: Buckler           |    23 |    47 ||    70
